[Event "Live Chess"]
[Site "Chess.com"]
[Date "2023.05.20"]
[Round "-"]
[White "TobyQuaite"]
[Black "Ninifu"]
[Result "0-1"]
[WhiteElo "1701"]
[BlackElo "1984"]
[TimeControl "300"]
[EndTime "10:20:50 PDT"]
[Termination "Ninifu won by resignation"]

1. e4 d5 2. exd5 Nf6 3. Nf3 Bg4 4. Be2 Qxd5 5. h3 Bh5 6. Nc3 Qd7 7. Ne5 Bxe2 8. Qxe2 Qe6 9. d4 Nc6 10. Nb5 O-O-O 11.
Nxc6 Qxe2+ 12. Kxe2 bxc6 13. Nc3 e6 14. Bg5 Be7 15. Rad1 h6 16. Bh4 g5 17. Bg3 Nd5 18. Rd3 Bd6 19. Bxd6 cxd6 20. Ne4 f5 21. Ng3 Nf4+ 0-1

[Event "Live Chess"]
[Site "Chess.com"]
[Date "2023.05.20"]
[Round "-"]
[White "BogdanBeleiUkraine"]
[Black "MarkLim1"]
[Result "0-1"]
[WhiteElo "1241"]
[BlackElo "1630"]
[TimeControl "300"]
[EndTime "10:20:51 PDT"]
[Termination "MarkLim1 won by resignation"]

1. e4 c6 2. Nc3 d5 3. exd5 cxd5 4. Bb5+ Nc6 5. Nge2 Bg4 6. h3 Bh5 7. O-O Nf6 8. Qe1 a6 9. Ba4 e6 10. d3 Bd6 11. Ng3 Bg6 12. f4 O-O 13. f5 exf5 14. Nxf5 Bc5+ 15. d4 Nxd4 16. Nxd4 Bxd4+ 17. Kh1 b5 18. Bb3 Rc8 19. Bg5 b4 20. Bxf6 Bxf6 21. Nxd5 Re8 22.
Qxb4 Bxb2 23. Rad1 Qh4 24. Nf4 Qf6 25. Nd5 Qg5 26.
Nb6 Rcd8 27. Nd5 Rb8 28. Qa5 Rb5 29. Qa4 Bxc2 30. Bxc2 Rd8 31. Nc7 Rxd1 32. Rxd1 Rb8 33. Qxa6 Qg3 34. Qd3 Qxc7 35. Qxh7+ Kf8 36. Qh8+ Ke7 37.
Re1+ Kd6 38. Qf8+ Kc6 39. Ba4+ Kb7 40. Qb4+ Ka8 41. Qe4+ Ka7 42. Qe3+ Ka8 43. Qf3+ Ka7 44. Qe3+ Ka8 45. Qe4+ Ka7 46. Qe7 Qxe7 47. Rxe7+ Rb7 48. Rxb7+ Kxb7 49. Bb3 f6 50. g4 Kc6 51. h4 Kb5 52.
Kg2 Kc5 53. Kf3 Ba3 54. Kf4 Kd6 55. Kf5 Ke7 56. Kg6 Kf8 57. h5 Bb4 58. a4 Ba5 59. g5 fxg5 60. Kxg5 Bd2+ 61. Kg6 Ba5 62. h6 gxh6 63.
Kxh6 Bd2+ 64. Kh7 Ba5 0-1

[Event "Live Chess"]
[Site "Chess.com"]
[Date "2023.05.20"]
[Round "-"]
[White "JackCheetham1"]
[Black "Driftboard"]
[Result "1-0"]
[WhiteElo "1692"]
[BlackElo "683"]
[TimeControl "300"]
[EndTime "10:20:57 PDT"]
[Termination "JackCheetham1 won by checkmate"]

1. e4 e5 2. Nf3 Nc6 3. Bb5 a6 4. Ba4 b5 5. Bb3 Nf6 6. d3 Bc5 7. c3 O-O 8. O-O a5 9. Bg5 h6 10. Bh4 a4 11. Bc2 b4 12. d4 bxc3 13. bxc3 exd4 14.
cxd4 Bb4 15. e5 Nxe5 16. dxe5 d6 17. exf6 gxf6 18. Qd3 Be6 19. Qh7# 1-0

[Event "Live Chess"]
[Site "Chess.com"]
[Date "2023.05.20"]
[Round "-"]
[White "EdenHazard8"]
[Black "Tilbs_12"]
[Result "1-0"]
[WhiteElo "2115"]
[BlackElo "1593"]
[TimeControl "300"]
[EndTime "10:21:10 PDT"]
[Termination "EdenHazard8 won by resignation"]

1. e4 c6 2. d4 d5 3. e5 c5 4. dxc5 Nc6 5. f4 Bf5 6. c3 a5 7.
Be3 e6 8. Nf3 Nh6 9. h3 Be7 10.
Bb5 Bh4+ 11. Bf2 Bxf2+ 12. Kxf2 Qe7 13. b4 O-O 14. Bxc6 bxc6 15. a3 f6 16. Re1 fxe5 17.
Nxe5 Qh4+ 18. Kg1 Be4 19. Nd2 Qxf4 20. Nxe4 dxe4 21. Nxc6 e3 22. Qf3 Qxf3 23. gxf3 Rxf3 24. Nxa5 Rxh3 25. c6 Nf5 26. Rad1 e2 27. Rxe2 Rxc3 28. Rxe6 Rc2 29. Rd7 Rc8 30. b5 Kf8 31. b6 Ne7 32. Rexe7 R8xc6 33. Nxc6 Rxc6 34. b7 Rb6 35. Rf7+ Ke8 36.
Rde7+ 1-0

[Event "Live Chess"]
[Site "Chess.com"]
[Date "2023.05.20"]
[Round "-"]
[White "LaupMiths"]
[Black "Supertromp"]
[Result "0-1"]
[WhiteElo "1824"]
[BlackElo "2171"]
[TimeControl "300"]
[EndTime "10:21:11 PDT"]
[Termination "Supertromp won by checkmate"]

1. e4 c5 2. Nf3 d6 3. Bb5+ Nc6 4. O-O g6 5. c3 a6 6. Ba4 b5 7. Bc2 Bg7 8. d4 Bb7 9. Re1 Nf6 10. d5 Na5 11. h3 O-O 12. Nbd2 e6 13. dxe6 fxe6 14. b4 cxb4 15. cxb4 Nc6 16. Rb1 Nh5 17. Nf1 Ne5 18. Nxe5 Bxe5 19. Bb2 Bxb2 20. Rxb2 Qf6 21. Rb3 Qxf2+ 22.
Kh1 Rac8 23. Bb1 Nf4 24. Rg3 Rc3 25. Ree3 Rxe3 26. Rxe3 Qxg2# 0-1

[Event "Live Chess"]
[Site "Chess.com"]
[Date "2023.05.20"]
[Round "-"]
[White "birdseed45"]
[Black "tpm07"]
[Result "0-1"]
[WhiteElo "1839"]
[BlackElo "2001"]
[TimeControl "300"]
[EndTime "10:21:19 PDT"]
[Termination "tpm07 won by resignation"]

1. e4 e5 2. Nf3 Nc6 3. Bb5 a6 4. Ba4 Nf6 5. O-O Be7 6. Re1 b5 7. Bb3 O-O 8. c3 d5 9. d3 Bb7 10. Bg5 h6 11. Bxf6 Bxf6 12. exd5 Na5 13. c4 Nxb3 14.
Qxb3 Rb8 15. Nxe5 bxc4 16. dxc4 Bxd5 17. Qa4 Ba8 18. Qc2 Qd4 19. Nd3 Be4 20. Rd1 Bxd3 21. Qxd3 Qxd3 22. Rxd3 Bxb2 0-1

[Event "Live Chess"]
[Site "Chess.com"]
[Date "2023.05.20"]
[Round "-"]
[White "HD_IN4k"]
[Black "AwesomeFredster"]
[Result "1-0"]
[WhiteElo "325"]
[BlackElo "1259"]
[TimeControl "300"]
[EndTime "10:21:23 PDT"]
[Termination "HD_IN4k won by checkmate"]

1. d4 e5 2. dxe5 Bc5 3. Be3 Bb4+ 4. Bd2 Bc5 5. Nh3 Qh4 6. Nc3 d6 7. exd6 Bxh3 8. g3 Qh5 9. Bxh3 Qxh3 10. e3 Qg2 11.
Rf1 Qxh2 12. dxc7 Nc6 13. Qg4 Nce7 14. Qxg7 Ng6 15. Ne4 Be7 16. Qc3 Bf6 17. c8=Q+ Rxc8 18. Qxc8+ Bd8 19. Nd6+ Ke7 20. Bb4 Nf6 21. Nxb7+ Ke8 22.
Qxd8# 1-0

[Event "Live Chess"]
[Site "Chess.com"]
[Date "2023.05.20"]
[Round "-"]
[White "Zeraora719"]
[Black "mliszewski"]
[Result "0-1"]
[WhiteElo "856"]
[BlackElo "1903"]
[TimeControl "300"]
[EndTime "10:21:24 PDT"]
[Termination "mliszewski won by checkmate"]

1. e4 c6 2. f3 d5 3. d4 e5 4. exd5 Qxd5 5. c3 exd4 6. cxd4 Nf6 7. f4 Bb4+ 8. Bd2 Bxd2+ 9. Qxd2 O-O 10. Qb4 Re8+ 11.
Ne2 Na6 12. Qa4 Bg4 13. g3 Qxh1 14. Nd2 Rxe2+ 15. Kd1 Qxf1+ 16. Nxf1 Rxb2+ 17. Kc1 Rf2 18. Ne3 Rxh2 19. Qb3 Be6 20. Qxb7 Rb8 21. Qxa6 Rh1+ 22.
Kc2 Rxa1 23. Qxa7 Rab1 24. Nc4 Bxc4 25. Kc3 Bd5 26. f5 Ne4+ 27. Kd3 Nxg3 28. a4 Nxf5 29. a5 Nd6 30. a6 Bc4+ 31. Kc2 Ne4 32. Qc5 R8b2# 0-1

[Event "Live Chess"]
[Site "Chess.com"]
[Date "2023.05.20"]
[Round "-"]
[White "Ian-Morley"]
[Black "CheckThis4"]
[Result "0-1"]
[WhiteElo "1034"]
[BlackElo "2546"]
[TimeControl "300"]
[EndTime "10:21:24 PDT"]
[Termination "CheckThis4 won by resignation"]

1. e4 d5 2. exd5 Nf6 3. d4 Bg4 4. Be2 Bxe2 5. Qxe2 Qxd5 6. Nc3 Qxg2 7. Qf3 Qxf3 8. Nxf3 Nc6 9. Ne5 Nxd4 10. Kd2 e6 11.
a3 Bd6 12. f4 Bxe5 13. fxe5 Ng4 14. b4 O-O-O 15. Ke1 Nxc2+ 16. Kf1 Nxa1 0-1

[Event "Live Chess"]
[Site "Chess.com"]
[Date "2023.05.20"]
[Round "-"]
[White "smoggyrabbit"]
[Black "Duke_of_Bebington"]
[Result "0-1"]
[WhiteElo "1620"]
[BlackElo "1582"]
[TimeControl "300"]
[EndTime "10:21:25 PDT"]
[Termination "Duke_of_Bebington won by checkmate"]

1. d4 d5 2. Nf3 Nf6 3. e3 Bf5 4. Nh4 Be6 5. Bd3 g6 6. b3 Bg7 7.
Bb2 Nbd7 8. O-O c5 9. Nd2 Rc8 10. c4 cxd4 11. exd4 O-O 12. f4 Bg4 13. Qe1 Re8 14. h3 Be6 15. f5 gxf5 16. Nxf5 Bxf5 17. Bxf5 dxc4 18. bxc4 Nb6 19. Bxc8 Qxc8 20. Qe2 e6 21.
Qd3 Rd8 22. d5 exd5 23. Bxf6 Bxf6 24. Rxf6 dxc4 25. Qg3+ Kh8 26. Rxf7 Qc5+ 27. Kh1 Qd4 28. Raf1 Nd7 29. Qg5 Rg8 30. Qh5 Qd3 31. R1f5 Nf6 32.
R7xf6 Qxd2 33. Rf7 Qxg2# 0-1

[Event "Live Chess"]
[Site "Chess.com"]
[Date "2023.05.20"]
[Round "-"]
[White "LL220284LL"]
[Black "Daniel_Gliddon_FA"]
[Result "1-0"]
[WhiteElo "2417"]
[BlackElo "1178"]
[TimeControl "300"]
[EndTime "10:21:43 PDT"]
[Termination "LL220284LL won by resignation"]

1. Nf3 Nc6 2. b3 e6 3. Bb2 Nf6 4. e3 Be7 5. d4 d5 6. Bd3 Bd7 7. O-O Nb4 8. Be2 c5 9. Ne5 cxd4 10. Bxd4 Nc6 11. Nxd7 Qxd7 12. Bb2 O-O-O 13. c4 Ne4 14. Nc3 Nxc3 15. Bxc3 f6 16. cxd5 Qxd5 17. Qb1 e5 18. Rc1 Kb8 19. b4 Rhg8 20. b5 g5 21. bxc6 b6 22.
Bf3 Qd3 23. c7+ Kxc7 24. Bxe5+ Kd7 25. Qxd3+ 1-0

[Event "Live Chess"]
[Site "Chess.com"]
[Date "2023.05.20"]
[Round "-"]
[White "Conradical12"]
[Black "JackRudd"]
[Result "0-1"]
[WhiteElo "1530"]
[BlackElo "2400"]
[TimeControl "300"]
[EndTime "10:21:44 PDT"]
[Termination "JackRudd won by resignation"]

1. e4 c6 2. d4 d5 3. f3 dxe4 4.
fxe4 e5 5. Nf3 Bg4 6. Bc4 Nf6 7. Bxf7+ Kxf7 8. Nxe5+ Ke8 9. Nxg4 Nxg4 10. Qxg4 Qxd4 11. Rf1 Nd7 12. Qe6+ Be7 13. Bg5 Nf6 14. Nc3 Rf8 15. Rd1 Qb4 16. e5 Qxb2 17. Bxf6 Qxc3+ 18. Rd2 Qe3+ 19. Kd1 gxf6 20. Qd7+ Kf7 21. Rxf6+ Kg8 22. Qxe7 Qg1+ 23. Ke2 Qxg2+ 24. Ke3 Qg5+ 25. Kf2 Qxd2+ 0-1

[Event "Live Chess"]
[Site "Chess.com"]
[Date "2023.05.20"]
[Round "-"]
[White "Alan_Richardson"]
[Black "CeladonFish"]
[Result "1-0"]
[WhiteElo "1681"]
[BlackElo "982"]
[TimeControl "300"]
[EndTime "10:21:58 PDT"]
[Termination "Alan_Richardson won by checkmate"]

1. d4 Nf6 2. Bf4 g6 3. Nf3 Bg7 4. c3 O-O 5. Nbd2 d6 6. e4 c6 7. Be2 Nbd7 8. O-O Nh5 9. Be3 e5 10. Qc2 exd4 11. cxd4 Ndf6 12. h3 Nd7 13. Rad1 f5 14.
exf5 Rxf5 15. g4 Rxf3 16. Nxf3 Nhf6 17. Bg5 Qe8 18. Rfe1 Qf7 19. Kg2 Nb6 20. Bd3 Nbd5 21. Bc1 Bd7 22. Ng5 Qf8 23. Ne6 Bxe6 24. Rxe6 Re8 25.
Rde1 Qf7 26. Qe2 Nf4+ 27. Bxf4 Nd5 28. Rxe8+ Qxe8 29. Qxe8+ Bf8 30. Bh6 Kh8 31. Qxf8# 1-0

[Event "Live Chess"]
[Site "Chess.com"]
[Date "2023.05.20"]
[Round "-"]
[White "Tushinskiy"]
[Black "Olisingapore"]
[Result "1-0"]
[WhiteElo "2095"]
[BlackElo "1939"]
[TimeControl "300"]
[EndTime "10:22:03 PDT"]
[Termination "Tushinskiy won on time"]

1. d4 Nf6 2. c3 d5 3. Nf3 c5 4.
Bf4 Nc6 5. e3 Bf5 6. Bd3 e6 7.
Bxf5 exf5 8. O-O Bd6 9. Bxd6 Qxd6 10. dxc5 Qxc5 11. Nbd2 O-O 12. Nb3 Qd6 13. Qe2 b6 14. Rad1 Rfe8 15. Nbd4 Nxd4 16. Rxd4 Rac8 17. Rfd1 f4 18. e4 Rxe4 19. Rxe4 Nxe4 20. Qxe4 Rd8 21. Qd4 h6 22. h3 Qg6 23. a3 Qc2 24. Rd2 Qf5 25.
c4 Qb1+ 26. Kh2 Rc8 27. cxd5 Rc1 28. Qxf4 Rh1+ 29. Kg3 Qg6+ 30. Kh4 Qxg2 31. Qg3 Rxh3+ 32. Qxh3 g5+ 33. Nxg5 hxg5+ 34. Kh5 Qxh3+ 35. Kxg5 Qg2+ 36. Kf4 Qh2+ 37. Ke3 Qh6+ 38. Kd3 Qg6+ 39. Kc3 Qf6+ 40. Kc4 Qd6 41. b4 a6 42. Rd4 b5+ 43. Kd3 Qg6+ 44. Ke3 Qg5+ 45. f4 Qg3+ 46. Ke4 Qxa3 47. d6 Qc1 48. d7 Qc6+ 49. Rd5 Qe6+ 50. Kd4 Qf6+ 51. Kc5 Qe7+ 52. Kc6 Qe6+ 53. Rd6 Qc4+ 54. Kb7 Qe4+ 55. Ka7 Qe7 56. Rd4 Kg7 57. Kxa6 1-0

[Event "Live Chess"]
[Site "Chess.com"]
[Date "2023.05.20"]
[Round "-"]
[White "CheckString"]
[Black "Duglet"]
[Result "0-1"]
[WhiteElo "1276"]
[BlackElo "2324"]
[TimeControl "300"]
[EndTime "10:22:05 PDT"]
[Termination "Duglet won by resignation"]

1. e4 c5 2. d4 cxd4 3. Qxd4 Nc6 4. Qd1 g6 5. Bd3 Bg7 6. Ne2 Nf6 7. Nbc3 O-O 8. O-O d5 9. Bf4 d4 10. Nb5 e5 11. Bg3 a6 12. Na3 Nh5 13. Nc4 Nxg3 14. fxg3 b5 15. Nd2 Be6 16. Nf3 Rc8 17. Nc1 Nb4 18. a3 Nxd3 19. Qxd3 Qc7 20. Rf2 Qc4 21. Ne2 Qxc2 22. Qxc2 Rxc2 23. Rc1 Rfc8 0-1

[Event "Live Chess"]
[Site "Chess.com"]
[Date "2023.05.20"]
[Round "-"]
[White "zdanevych"]
[Black "friarnator"]
[Result "1-0"]
[WhiteElo "1552"]
[BlackElo "1953"]
[TimeControl "300"]
[EndTime "10:22:06 PDT"]
[Termination "zdanevych won on time"]

1. d4 Nf6 2. c4 e5 3. dxe5 Ng4 4. Nf3 Nc6 5. Bf4 Bb4+ 6. Nbd2 Qe7 7. h3 Ngxe5 8.
Nxe5 Nxe5 9. e3 d6 10. Be2 Be6 11. b3 O-O 12. O-O Bxd2 13. Qxd2 f6 14. Bg3 Rfd8 15.
Rfd1 Ng6 16. Bf3 Rab8 17. Qa5 a6 18. Rd2 Ne5 19. Be2 Nc6 20. Qc3 Rd7 21. Rad1 Rbd8 22.
Bd3 Ne5 23. Bb1 c6 24. Qc2 g6 25. Qb2 Kg7 26. Qa3 Nf7 27. Qb2 d5 28. cxd5 Rxd5 29.
Rxd5 Rxd5 30. Rxd5 Bxd5 31. Qd4 Ng5 32. Bd3 Ne4 33.
Bh2 Kf7 34. Bc4 Qe6 35. Bf1 Qd7 36. Qb6 h5 37. Qc7 Qxc7 38. Bxc7 f5 39. f3 Nc3 40.
e4 fxe4 41. fxe4 Bxe4 42. Bc4+ Bd5 43. Bd3 Nxa2 44. Bc2 Nc1 45. b4 Ne2+ 46. Kf2 Nd4 47. Bd3 Ne6 48. Bb6 Nf4 49. Bc2 Nxg2 50. Kg3 Ne3 51.
Bxe3 Be6 52. h4 Bd5 53. Bg5 Kg7 54. Kf4 Kf7 55. Ke5 Bf3 56. Kd6 b6 57. Bd3 a5 58.
bxa5 bxa5 59. Bc2 Bd5 60. Ba4 Be4 61. Kc5 Ke6 62. Kb6 Bd5 63. Kxa5 c5 64. Kb5 c4 65. Bc2 Ke5 66. Bxg6 Bf3 67. Kxc4 Ke6 68. Kd4 Bg4 69. Bxh5 Bxh5 70. Kc3 Kf5 71. Kb4 Kg6 72. Kc5 Bg4 73. Kb6 Bh5 74. Kc7 Bg4 75. Kd6 Bh5 76.
Ke5 Bg4 77. Kf4 Bh5 78. Kg3 Be2 79. Kf2 Bh5 80. Ke1 Bg4 81. Bd2 Bh5 82. Bg5 Bg4 83.
Kf2 Bh5 84. Kg3 Bg4 85. Kxg4 Kh7 86. h5 Kg8 87. Bc1 Kh7 88. Bb2 Kg8 89. Kg5 Kh7 90.
h6 Kg8 91. Kg6 Kf8 92. h7 Ke7 93. h8=Q Ke6 94. Qf6+ Kd5 95. Qe5+ Kc4 96. Qd4+ 1-0

[Event "Live Chess"]
[Site "Chess.com"]
[Date "2023.05.20"]
[Round "-"]
[White "xx_blindpuffin_xx"]
[Black "YF22Raptor"]
[Result "1-0"]
[WhiteElo "2198"]
[BlackElo "993"]
[TimeControl "300"]
[EndTime "10:22:10 PDT"]
[Termination "xx_blindpuffin_xx won by checkmate"]

1. d4 c6 2. Bf4 d5 3. e3 Nf6 4. Nf3 Bg4 5. c4 Bxf3 6. gxf3 e6 7. Qb3 Bd6 8. Bxd6 Qxd6 9. Qxb7 O-O 10. Qxa8 Qc7 11. Nc3 Na6 12. Qxf8+ Kxf8 13. cxd5 cxd5 14.
Bxa6 Qb6 15. Bb5 a6 16. a4 axb5 17. axb5 Nd7 18. O-O Qd8 19. Ra7 Nb6 20. Rb7 Qg5+ 21. Kh1 Nc4 22. Ne2 Nxb2 23. Ra1 g6 24. Nf4 Qh4 25.
Nxe6+ fxe6 26. Ra8+ Qd8 27. Rxd8# 1-0

[Event "Live Chess"]
[Site "Chess.com"]
[Date "2023.05.20"]
[Round "-"]
[White "WilliamofOrange16th"]
[Black "Albul"]
[Result "0-1"]
[WhiteElo "1897"]
[BlackElo "2192"]
[TimeControl "300"]
[EndTime "10:22:18 PDT"]
[Termination "Albul won by resignation"]

1. b3 d6 2. Bb2 e5 3. e3 Nc6 4. Nf3 g6 5. d4 Bg7 6. dxe5 Nxe5 7. Nxe5 Bxe5 8. Bxe5 dxe5 9. Qxd8+ Kxd8 10. Nc3 Bf5 11.
O-O-O+ Ke7 12. Nd5+ Kd6 13. e4 Bg4 14. f3 Be6 15.
Nf4+ Ke7 16. Nxe6 Kxe6 17. Bc4+ Ke7 18. Rd2 Nf6 19. Rhd1 Rac8 20. Bd5 b6 21. c3 Rcd8 22. b4 Rd6 23. Kc2 Rhd8 24. g3 g5 25. Bb3 Ne8 26.
Ba4 Rxd2+ 27. Rxd2 Rxd2+ 28. Kxd2 Nd6 29. Kd3 f6 30.
Bb3 h6 31. a4 c5 32. Bc4 Ne8 33. a5 Kd6 34. Bf7 Nc7 35. axb6 axb6 36. bxc5+ Kxc5 37. Bb3 Nb5 38. Kd2 Nd6 39. Kd3 b5 40. Bd5 Nc8 41.
Be6 Nb6 42. Bb3 Na4 43. Be6 b4 44. cxb4+ Kxb4 45. Bf7 Nc5+ 46. Kd2 Nb7 47. Kd3 Nd6 48. Be6 Nb5 49. Ke3 Kc3 50. f4 Nd4 51. Bc8 Nc2+ 52. Kf3 Kd4 53. fxg5 fxg5 54. Bf5 Ne3 55. h4 gxh4 56.
gxh4 Nxf5 57. exf5 e4+ 58. Kf4 e3 59. f6 e2 60. f7 e1=Q 0-1

[Event "Live Chess"]
[Site "Chess.com"]
[Date "2023.05.20"]
[Round "-"]
[White "bedsdrout"]
[Black "jagbama"]
[Result "0-1"]
[WhiteElo "428"]
[BlackElo "1140"]
[TimeControl "300"]
[EndTime "10:22:20 PDT"]
[Termination "jagbama won by resignation"]

1. e4 e5 2. Bc4 Nc6 3. Qh5 Qf6 4. Nh3 g6 5. Qf3 Qxf3 6. gxf3 Nd4 7. O-O Nxc2 8. d3 Nxa1 9. Bg5 h6 10. Nc3 d6 11.
Nd5 Bxh3 12. Nxc7+ Kd7 13. Bb5+ Kxc7 14. Be3 Bxf1 15.
Kxf1 Nc2 16. Ke2 Nxe3 17. fxe3 Nf6 18. a4 g5 19. a5 b6 20. axb6+ axb6 21. b4 Ra2+ 22. Kd1 Rxh2 23. d4 Rg2 24. d5 h5 25.
f4 gxf4 26. Ba4 fxe3 27. b5 Nxe4 28. Bc2 e2+ 29. Ke1 Nc3 30. Bf5 Rg1+ 31. Kd2 e1=Q+ 32. Kd3 Rg3+ 33. Kc4 Nxd5 34. Bd3 Ne3+ 35. Kb3 Nd1 36. Kc4 Rxd3 37. Kxd3 Qe3+ 38. Kc2 Nf2 39. Kb2 h4 40. Ka1 h3 41. Kb2 h2 42. Ka1 Ne4 43. Kb2 Rg8 44. Ka1 Qd3 45. Kb2 Rg2+ 0-1

[Event "Live Chess"]
[Site "Chess.com"]
[Date "2023.05.20"]
[Round "-"]
[White "Chris_pea"]
[Black "grillage"]
[Result "0-1"]
[WhiteElo "615"]
[BlackElo "1845"]
[TimeControl "300"]
[EndTime "10:22:23 PDT"]
[Termination "grillage won on time"]

1. e4 d5 2. exd5 Qxd5 3. Nc3 Qd8 4. Nf3 Nf6 5. d4 Bg4 6. Be2 e6 7. h3 Bxf3 8. Bxf3 c6 9. O-O Nbd7 10. Bg5 Be7 11. Qd2 O-O 12. Rae1 Re8 13. Bxf6 Nxf6 14. Ne4 Qb6 15. b3 Rad8 16. c3 Rd7 17. Nc5 Bxc5 18. Qg5 Be7 19. Qd2 Red8 20. Re3 c5 21. Rd3 cxd4 22.
c4 Bb4 23. Qf4 Qc7 24. Qxc7 Rxc7 25. Rfd1 e5 0-1

[Event "Live Chess"]
[Site "Chess.com"]
[Date "2023.05.20"]
[Round "-"]
[White "JohanKjeldahl"]
[Black "Bunny55"]
[Result "1-0"]
[WhiteElo "1750"]
[BlackElo "963"]
[TimeControl "300"]
[EndTime "10:22:24 PDT"]
[Termination "JohanKjeldahl won by resignation"]

1. e4 c5 2. Nf3 d6 3. d4 cxd4 4.
Nxd4 Nf6 5. Nc3 g6 6. Be3 Bg7 7. Bc4 O-O 8. f3 Nc6 9. Qd2 Bd7 10. h4 a5 11. g4 Bxg4 12. fxg4 Nxg4 13. Nxc6 bxc6 14.
h5 Nxe3 15. Qxe3 Rb8 16. hxg6 h6 17. gxf7+ Rxf7 18. Bxf7+ Kxf7 19. Qf3+ Ke8 20. Qh5+ Kf8 21. O-O+ Kg8 22. Rf7 Qb6+ 23. Kh1 Qxb2 24. Rg1 Qxc3 25. Rgxg7+ Qxg7 26. Rxg7+ Kxg7 27. Qxa5 Rb1+ 28. Kg2 Rb2 29.
Qc3+ Kh7 30. Qxb2 1-0

[Event "Live Chess"]
[Site "Chess.com"]
[Date "2023.05.20"]
[Round "-"]
[White "18Ziyad"]
[Black "jameskwong"]
[Result "0-1"]
[WhiteElo "1000"]
[BlackElo "2162"]
[TimeControl "300"]
[EndTime "10:22:25 PDT"]
[Termination "jameskwong won by checkmate"]

1. e4 c5 2. a3 Nc6 3. b4 cxb4 4. axb4 Nxb4 5. c3 Nc6 6. d4 d6 7. f4 e5 8. f5 Qh4+ 9. g3 Qxe4+ 10. Qe2 Qxh1 11.
Be3 Qe4 12. Nd2 Qxf5 13. Ngf3 Nf6 14. Nh4 Qg4 15. Nhf3 e4 16. Ng1 Qxe2+ 17. Nxe2 Be7 18. c4 Nb4 19. Rc1 Nd3+ 20. Kd1 Nxc1 21. Kxc1 O-O 22. d5 Bf5 23. Bg2 Rfc8 24. Nc3 a6 25. Kd1 b5 26.
Kc2 bxc4 27. Bf1 Ng4 28. Bd4 e3+ 29. Kd1 exd2 30. Kxd2 Nxh2 31. Bg2 Rab8 32. Nd1 Bg5+ 33. Kc3 Rb3# 0-1

[Event "Live Chess"]
[Site "Chess.com"]
[Date "2023.05.20"]
[Round "-"]
[White "ProfPoisson"]
[Black "Misha145Chess"]
[Result "0-1"]
[WhiteElo "1050"]
[BlackElo "611"]
[TimeControl "300"]
[EndTime "10:22:39 PDT"]
[Termination "Misha145Chess won on time"]

1. e4 d5 2. exd5 Qxd5 3. Nc3 Qd8 4. d4 Nc6 5. Nf3 e5 6. Bc4 exd4 7. Bxf7+ Kxf7 8. Ng5+ Ke8 9. Qe2+ Qe7 10. Qxe7+ Bxe7 11. Nd5 Bxg5 12. Bxg5 Kd7 13. O-O-O Kd6 14. Nf4 Ke5 15.
Rhe1+ Kf5 16. h4 h6 17. g4+ Kxg4 18. Rg1+ Kf5 19. Nd5 hxg5 20. Rxg5+ Ke4 21. Re1+ Kf3 22. Kd2 Kxf2 23. Rg2+ Kxg2 24. Nf4+ Kf3 25. Rf1+ Ke4 26. Ng6 Rh6 27. Rf4+ Kd5 28. Rf5+ Bxf5 0-1

[Event "Live Chess"]
[Site "Chess.com"]
[Date "2023.05.20"]
[Round "-"]
[White "terrub10"]
[Black "PaulyD81"]
[Result "1-0"]
[WhiteElo "1083"]
[BlackElo "1083"]
[TimeControl "300"]
[EndTime "10:22:52 PDT"]
[Termination "terrub10 won by checkmate"]

1. d4 Nf6 2. Bg5 e6 3. Bxf6 Qxf6 4. Nf3 d6 5. e4 c5 6. dxc5 dxc5 7. Nc3 Nc6 8. Qd2 Nd4 9. Rd1 Nxf3+ 10. Ke2 Nd4+ 11.
Kd3 Bd7 12. Na4 Bxa4 13. b3 Bb5+ 14. Kc3 Nf3+ 15. e5 Nxd2 16. exf6 gxf6 17. Rxd2 e5 18. Bxb5+ Ke7 19. Be2 Ke6 20. Bg4+ f5 21. Bf3 h5 22. Bxb7 Rb8 23. Bd5+ Kf6 24. a3 Bh6 25. Rdd1 Rhd8 26.
b4 e4 27. bxc5 Ke5 28. Kc4 Bf8 29. c6 Rbc8 30. Rhe1 Bxa3 31. Ra1 Be7 32. Red1 Rd6 33. Rxa7 Rcxc6+ 34. Bxc6 Rxc6+ 35. Kb5 Rc5+ 36. Ka6 Rxc2 37. Rxe7+ Kf6 38. Rdd7 Rc6+ 39. Kb7 Rc2 40. Rxf7+ Kg5 41.
Rg7+ Kf4 42. g3+ Kf3 43. Rc7 Rxf2 44. Rc3+ e3 45. Rf7 f4 46. gxf4 Kg2 47. Rg7+ Kxh2 48. Rxe3 Rb2+ 49. Kc6 Rc2+ 50. Kd5 h4 51. f5 h3 52. f6 Rg2 53. Rh7 Rg5+ 54. Kd4 Rg4+ 55. Kd3 Rg3 56. f7 Rxe3+ 57. Kxe3 Kg2 58. f8=Q h2 59.
Qd6 h1=Q 60. Rxh1 Kxh1 61. Qd5+ Kg1 62. Qd2 Kf1 63. Qe2+ Kg1 64. Kf3 Kh1 65. Qg2# 1-0

[Event "Live Chess"]
[Site "Chess.com"]
[Date "2023.05.20"]
[Round "-"]
[White "luckywookie"]
[Black "LanceMaster23"]
[Result "0-1"]
[WhiteElo "732"]
[BlackElo "1844"]
[TimeControl "300"]
[EndTime "10:22:56 PDT"]
[Termination "LanceMaster23 won by checkmate"]

1. e4 c5 2. c3 d5 3. exd5 Qxd5 4.
d4 Nc6 5. Be3 cxd4 6. cxd4 e6 7. Nc3 Bb4 8. Nf3 Nf6 9. Be2 O-O 10.
O-O Bxc3 11. bxc3 a6 12. Qd3 b5 13. Rfc1 Bb7 14. c4 bxc4 15. Rxc4 Rfd8 16. Rac1 Rac8 17.
Rc5 Qd6 18. Ne5 Nxe5 19. Rxc8 Nxd3 20. Rxd8+ Qxd8 21. Bxd3 Qd5 22. Rb1 Qxg2# 0-1

[Event "Live Chess"]
[Site "Chess.com"]
[Date "2023.05.20"]
[Round "-"]
[White "1600x"]
[Black "ViktorTheCoolBoy"]
[Result "0-1"]
[WhiteElo "1404"]
[BlackElo "2538"]
[TimeControl "300"]
[EndTime "10:23:01 PDT"]
[Termination "ViktorTheCoolBoy won by checkmate"]

1. d4 e6 2. Nc3 Bb4 3. e4 Nf6 4.
a3 Bxc3+ 5. bxc3 Nxe4 6. Qg4 Nf6 7. Qg3 Kf8 8. Bd3 d6 9. Bg5 h6 10. Be3 Nc6 11. h3 e5 12. Qf3 Qe7 13. Be4 exd4 14. cxd4 Qxe4 15. Qxe4 Nxe4 16. Ne2 Be6 17. Rc1 Bc4 18.
a4 Re8 19. h4 Nb4 20. Nf4 Nd5 21. Nxd5 Bxd5 22. c4 Bc6 23. O-O a5 24. Rfe1 b6 25.
f3 Nf6 26. Ra1 Kg8 27. Bf2 Kh7 28. Rec1 Re2 29. c5 bxc5 30. dxc5 d5 31. Re1 Rhe8 32. Rxe2 Rxe2 33. Bg3 Rc2 34. Bxc7 Rxc5 35. Bb6 Rc4 36. Bxa5 Rxa4 37. Rxa4 Bxa4 38. Bb6 Kg6 39. Be3 Kf5 40. Bd4 Ke6 41. g4 Bd1 42. Kf2 Ne8 43. Bc3 f6 44.
Bb2 g6 45. Bc1 h5 46. Kg3 Nd6 47. Kf4 Nf7 48. gxh5 gxh5 49. Be3 Ne5 50. Bd4 Nxf3 51. Bc3 Nxh4 52. Ke3 Nf5+ 53. Kd2 Bf3 54. Ke1 Be4 55. Kf2 h4 56. Bb4 h3 57. Kg1 Bg2 58. Bc5 d4 59. Kf2 d3 60. Bb4 Kd5 61. Bd2 Be4 62. Kg1 Ng3 63. Ba5 Bg2 64. Be1 Ne2+ 65. Kh2 Nd4 66. Kg3 Nb3 67. Kg4 d2 68. Bxd2 Nxd2 69. Kf5 h2 70. Kxf6 h1=Q 71. Kf5 Be4+ 72. Kf6 Qh6+ 73. Kf7 Qg6+ 74. Ke7 Qg7+ 75. Kd8 Bf5 76. Ke8 Nc4 77. Kd8 Qd7# 0-1

[Event "Live Chess"]
[Site "Chess.com"]
[Date "2023.05.20"]
[Round "-"]
[White "McSlash1"]
[Black "hturner40"]
[Result "1-0"]
[WhiteElo "2072"]
[BlackElo "1831"]
[TimeControl "300"]
[EndTime "10:23:04 PDT"]
[Termination "McSlash1 won by resignation"]

1. e4 Nc6 2. d4 e5 3. d5 Nce7 4. Nc3 Ng6 5. Bc4 Bc5 6. Nf3 Nf6 7. O-O a6 8. a3 O-O 9. Be3 Bxe3 10. fxe3 Ng4 11.
Qe2 d6 12. h3 Nh6 13. b4 f5 14. exf5 Nxf5 15. Qe1 Ngh4 16. Nxh4 Qxh4 17. Bd3 Qxe1 18. Raxe1 g6 19. Ne4 Bd7 20. c4 a5 21. g4 Nh4 22.
Nf6+ Rxf6 23. Rxf6 axb4 24. axb4 Ra3 25. Bb1 Rb3 26.
Ref1 Rb2 27. Rf8+ Kg7 28. R8f7+ Kh6 29. Rxd7 1-0

[Event "Live Chess"]
[Site "Chess.com"]
[Date "2023.05.20"]
[Round "-"]
[White "OBrightwell100"]
[Black "Enhard"]
[Result "0-1"]
[WhiteElo "1294"]
[BlackElo "1437"]
[TimeControl "300"]
[EndTime "10:23:11 PDT"]
[Termination "Enhard won by resignation"]

1. e4 c6 2. d4 d5 3. e5 Bf5 4.
Nf3 e6 5. Be2 h6 6. Nc3 Nd7 7.
O-O Ne7 8. a4 a5 9. Bd2 Bh7 10.
Be1 Nf5 11. Bd3 Be7 12. Ne2 O-O 13. c4 dxc4 14. Bxc4 Nb6 15. Bd3 Nd5 16. Qc2 Nb4 17.
Qc3 Nxd3 18. Qxd3 Qb6 19. Bd2 Rfd8 20. h3 Bb4 21. Bf4 Be7 22. Nh2 Nxd4 23. Qg3 Nxe2+ 0-1